 Dungeon Crawl Stone Soup version 0.30.0-10-gfe55d96785 (webtiles) character file.

Game seed: 13187680305676844528

267 BillyBaka the Cutter (level 6, 0/32 HPs)
             Began as a Vine Stalker Monk on May 15, 2023.
             Killed from afar by Ijyb (7 damage)
             ... with a puff of flame
             ... on level 3 of the Dungeon.
             The game lasted 00:06:11 (1689 turns).

BillyBaka the Cutter (Vine Stalker Monk)            Turns: 1689, Time: 00:06:12

Health: 0/32       AC:  2    Str: 13    XL:     6   Next: 21%
Magic:  0/7        EV: 13    Int: 10    God:
Gold:   92         SH:  0    Dex: 19    Spells: 5/5 levels left

rFire   . . .        a - +0 short sword
rCold   . . .        d - orb {light}
rNeg    . . .        b - +0 robe
rPois   .            (no helmet)
rElec   .            (no cloak)
rCorr   +            (no gloves)
SInv    .            (no boots)
Will    .....        (no amulet)
Stlth   +            n - ring of resist corrosion
HPRegen 1.05/turn    (no ring)
MPRegen 0.10/turn

%: guardian spirit
@: confused, ambrosia-drunk, glowing
A: fangs 2, regeneration 1, magic shield, antimagic bite, no potion heal 2
a: no special abilities


You were on level 3 of the Dungeon.
You visited 1 branch of the dungeon, and saw 3 of its levels.

You collected 92 gold pieces.

Inventory:

Hand Weapons
 a - a +0 short sword (weapon)
Armour
 b - a +0 robe (worn)
 d - an orb of light (worn)
Jewellery
 n - a ring of resist corrosion (left hand)
Scrolls
 f - a scroll of fog {unknown}
 g - 3 scrolls of identify {unknown}
 h - a scroll of fear {unknown}
 j - a scroll of blinking {unknown}
 m - 4 scrolls of teleportation {unknown}
 p - a scroll of enchant weapon {unknown}
Potions
 e - a potion of attraction {unknown}
 i - a potion of curing {unknown}
 k - a potion of haste {unknown}
 l - a potion of cancellation {unknown}
 o - a potion of mutation {unknown}
 q - a potion of resistance {unknown}


   Skills:
 + Level 3.6 Fighting
 * Level 4.3 Short Blades
 + Level 3.3 Dodging
 + Level 3.1 Stealth


You had 5 spell levels left.
You didn't know any spells.
Your spell library was empty.

Dungeon Overview and Level Annotations

Branches:
Dungeon (3/15)

Altars:

Annotations:
D:3 Ijyb


Innate Abilities, Weirdness & Mutations

You have extremely sharp teeth.
Your natural rate of healing is unusually fast.
When hurt, damage is shared between your health and your magic reserves.
Your bite disrupts and absorbs the magic of your enemies.
Potions cannot restore your health.


Message History

You hit the giant cockroach but do no damage.
You bite the giant cockroach.
You kill the giant cockroach!
Ijyb zaps a wand.
The puff of flame hits you!
You hit Ijyb but do no damage. You bite Ijyb. You drain her power.
You feel invigorated.
Ijyb is lightly wounded.
Ijyb closely misses you.
You hit Ijyb but do no damage. You bite Ijyb, but do no damage.
Ijyb is lightly wounded.
Ijyb hits you with a +0 dagger.
You hit Ijyb but do no damage. You bite Ijyb, but do no damage.
Ijyb is lightly wounded.
Ijyb hits you with a +0 dagger.
You hit Ijyb.
Ijyb is moderately wounded.
You hit Ijyb but do no damage. You bite Ijyb. You drain her power.
You feel invigorated.
Ijyb is moderately wounded.
Ijyb barely misses you.
You hit Ijyb but do no damage. You bite Ijyb, but do no damage.
Ijyb is moderately wounded.
Ijyb zaps a wand.
The puff of flame hits you!
You hit Ijyb. You bite Ijyb, but do no damage.
Ijyb is heavily wounded.
Ijyb hits you with a +0 dagger.
* * * LOW HITPOINT WARNING * * *
You hit Ijyb but do no damage. You bite Ijyb, but do no damage.
Ijyb is heavily wounded.
You are confused.
Your system rejects the healing.
You feel invigorated. Ijyb hits you with a +0 dagger.
* * * LOW HITPOINT WARNING * * *
You bump into the rock wall.
Ijyb hits you with a +0 dagger.
* * * LOW HITPOINT WARNING * * *
You're too confused to move!
Ijyb closely misses you.
Ijyb zaps a wand.
The puff of flame hits you!
* * * LOW HITPOINT WARNING * * *
You bump into the rock wall.
Ijyb zaps a wand.
The puff of flame hits you!
You die...

............... #....
............... #######....
............... #....##....
............... #....##....
............... #....##....
............... #....##.#..
.........###### #....##.#..
.........###########....##.#.[
########.†.g.@.............#..
#############....####.. #....#
#.. #....# #.. #....# ######


You could see Ijyb.

Vanquished Creatures
  Sigmund (D:2)
  Jessica (D:2)
  A gnoll (D:1)
  2 adders (D:2)
  A worm (D:2)
  A dart slug (D:1)
  7 endoplasms
  4 giant cockroaches
  2 goblins (D:2)
  8 hobgoblins
  5 kobolds
  2 quokkas
  5 ball pythons
  2 bats
  4 frilled lizards
  4 rats
50 creatures vanquished.

Notes
Turn   | Place    | Note
-------+----------+-------------------------------------------
     0 | D:1      | BillyBaka the Vine Stalker Monk began the quest for the
                  | Orb.
     0 | D:1      | Reached XP level 1. HP: 11/11 MP: 2/2
   163 | D:1      | Reached XP level 2. HP: 15/16 MP: 3/3
   189 | D:1      | Reached skill level 3 in Short Blades
   204 | D:1      | Reached skill level 1 in Stealth
   214 | D:1      | Reached XP level 3. HP: 3/19 MP: 1/4
   440 | D:1      | Found a faded altar of an unknown god.
  1178 | D:2      | Gained mutation: Your natural rate of healing is unusually
                  | fast. [Vine Stalker growth]
  1178 | D:2      | Reached XP level 4. HP: 24/24 MP: 5/5
  1298 | D:2      | Noticed Jessica
  1302 | D:2      | Killed Jessica
  1403 | D:2      | Noticed Sigmund
  1424 | D:2      | Killed Sigmund
  1425 | D:2      | Reached skill level 4 in Short Blades
  1425 | D:2      | Reached XP level 5. HP: 27/28 MP: 4/6
  1425 | D:2      | Reached XP level 6. HP: 31/32 MP: 4/7
  1658 | D:3      | Noticed Ijyb
  1689 | D:3      | Killed from afar by Ijyb

Illustrated notes

Levels and vault maps discovered:
D:1:      tarquinn_simple_flora_water_e, layout_basic,
          shapermc_ecumenical_altar_notcrosses, amethyst_killhole
D:2:      layout_basic, uniq_jessica, uniq_sigmund
D:3:      layout_basic, uniq_crazy_yiuf_cottage, uniq_natasha, uniq_ijyb

Skill      XL: |  1  2  3  4 |
---------------+-------------+-----
Short Blades   | 3 4 |  4.3
Stealth        | 1 3 |  3.1
Fighting       | 3 |  3.6
Dodging        | 3 |  3.3

Action                     |  1- 3 |  4- 6 || total
---------------------------+-------+-------++-------
  Melee: Short sword       |    97 |    56 ||   153
         Bite              |    36 |    26 ||    62
    Use: Potion            |       |     1 ||     1
 Armour: Robe              |    11 |     5 ||    16
  Dodge: Dodged            |    56 |    25 ||    81
